 Dungeon Crawl Stone Soup version 0.22.1-1-ga44c0e56f4 (webtiles) character file.

7275 Freyura the Basher (level 11, -2/58 HPs)
             Began as a Vine Stalker Fighter on Sept 24, 2018.
             Was a Priest of the Shining One.
             Slain by Snorg (9 damage)
             ... on level 10 of the Dungeon.
             The game lasted 00:33:21 (7677 turns).

Freyura the Basher (Vine Stalker Fighter)           Turns: 7677, Time: 00:33:22

Health: -2/58      AC: 23    Str: 19    XL:     11   Next: 12%
Magic:  0/16       EV:  8    Int:  8    God:    the Shining One [***...]
Gold:   130        SH: 11    Dex: 17    Spells: 10/10 levels left

rFire    . . .     SeeInvis .   a - +1 flail
rCold    + . .     Gourm    .   c - +0 shield
rNeg     + + .     Faith    .   D - +7 chain mail of Ihysorph {rC+ Stlth+}
rPois    .         Spirit   +   n - +2 helmet
rElec    .         Reflect  .   x - scarf {repulsion}
rCorr    .         Harm     .   p - +1 pair of gloves
MR       ++...                  i - +0 pair of boots
Stlth    ..........             (no amulet)
HPRegen  0.59/turn              r - ring of positive energy
MPRegen  0.15/turn              E - ring of protection from magic

@: glowing, repel missiles
A: fangs 3, regeneration 1, magic shield, antimagic bite, no potion heal 3, rot
immunity
a: Divine Shield, Renounce Religion


You were on level 10 of the Dungeon.
You worshipped the Shining One.
The Shining One was most pleased with you.
You were full.

You visited 1 branch of the dungeon, and saw 10 of its levels.

You collected 405 gold pieces.
You spent 275 gold pieces at shops.

Inventory:

Hand Weapons
 a - a +1 flail (weapon)
Armour
 c - a +0 shield (worn)
 g - +0 swamp dragon scales
 i - a +0 pair of boots (worn)
 n - a +2 helmet (worn)
 p - a +1 pair of gloves (worn)
 x - a scarf of repulsion (worn)
 D - the +7 chain mail of Ihysorph (worn) {rC+ Stlth+}
   (You found it on level 8 of the Dungeon)

   It protects you from cold.
   It makes you more stealthy.
Jewellery
 r - a ring of positive energy (left hand)
 E - a ring of protection from magic (right hand)
Wands
 q - a wand of polymorph (16)
 w - a wand of acid (7)
 C - a wand of iceblast (5)
Scrolls
 d - a scroll of teleportation
 m - 2 scrolls of identify
 t - 4 scrolls of fear
 u - a scroll of fog
 v - 4 scrolls of remove curse
Potions
 b - a potion of mutation {unknown}
 e - 9 potions of curing
 h - 2 potions of flight
 j - 3 potions of haste {unknown}
 k - a potion of resistance {unknown}
 l - 2 potions of berserk rage {unknown}
 o - 3 potions of brilliance
 s - 4 potions of heal wounds {unknown}
 z - a potion of degeneration {unknown}
Comestibles
 f - 3 rations


   Skills:
 + Level 6.6 Fighting
 * Level 8.6 Maces & Flails
 + Level 5.9 Armour
 + Level 5.1 Dodging
 + Level 6.4 Shields
 + Level 5.8 Invocations


You had 10 spell levels left.
You didn't know any spells.
Your spell library contained the following spells:

 Spells                   Type           Power        Failure   Level  Hunger
 Animate Skeleton         Necr           N/A          100%        1    ##.....
 Confusing Touch          Hex            #.....       100%        1    ##.....
 Pain                     Necr           #...         100%        1    ##.....
 Confuse                  Hex            #.......     100%        3    ####...
 Gell's Gravitas          Tloc           #.........   100%        3    ####...
 Regeneration             Chrm/Necr      #.........   100%        3    ####...
 Vampiric Draining        Necr           #.........   100%        3    ####...
 Animate Dead             Necr           N/A          100%        4    #####..
 Petrify                  Tmut/Erth      #.......     100%        4    #####..
 Metabolic Englaciation   Hex/Ice        #.........   100%        5    ######.
 Yara's Violent Unravell  Hex/Tmut       #.........   100%        5    ######.


Dungeon Overview and Level Annotations

Branches:
Dungeon (10/15)            Temple (0/1) D:7             Orc (0/2) D:9
   Lair: D:8-11

Altars:
Ashenzari
Dithmenos
Kikubaaqudgha
Nemelex Xobeh
Ru
Uskayaw
Vehumet
Wu Jian
The Shining One

Shops:
D:8 *

Annotations:
D:7 2 transporters
D:8 1 runed door, Valentain's ghost, novice OpVM
D:10 Snorg


Innate Abilities, Weirdness & Mutations

You have razor-sharp teeth.
Your natural rate of healing is unusually fast.
When hurt, damage is shared between your health and your magic reserves.
Your bite disrupts and absorbs the magic of your enemies.
Potions cannot restore your health.
You are immune to rotting.


Message History

Snorg is moderately wounded.
You block Snorg's attack. x3; Snorg closely misses you.
Snorg claws you! Snorg claws you.
You completely miss Snorg. Your bite misses Snorg.
Snorg is moderately wounded.
Snorg bites you but does no damage. Snorg claws you but does no damage.
Snorg barely misses you.
You hit Snorg. You bite Snorg. You drain her power.
You feel invigorated.
Snorg is moderately wounded.
Snorg bites you but does no damage. Snorg claws you! x2
* * * LOW HITPOINT WARNING * * *
You block Snorg's attack. Snorg claws you!
* * * LOW HITPOINT WARNING * * *
You block Snorg's attack.
You sock Snorg! You bite Snorg, but do no damage.
Snorg is moderately wounded.
You block Snorg's attack. Snorg claws you.
* * * LOW HITPOINT WARNING * * *
Snorg claws you!
You die...

#........#
#........#
.........#
#........#
#........#
#......).#
#......<.#
######.).#
#####@##
#...)T†#
+......#
#......#
#......#
####.).#
#...#
#...#
.....#


You could see Snorg (berserk).

Vanquished Creatures
  Harold (D:8)
  2 two-headed ogres (D:9)
  2 hippogriffs
  A vampire (D:9)
  5 yaks (D:9)
  A wyvern (D:9)
  Grum (D:8)
  A hungry ghost (D:8)
  2 wargs (D:10)
  4 orc warriors
  A phantom (D:7)
  2 sky beasts
  3 ogres
  2 wolves (D:8)
  2 centaurs
  A gnoll sergeant (D:7)
  6 bullfrogs
  A water moccasin zombie (D:5)
  A water moccasin skeleton (D:8)
  3 scorpions
  3 wights
  A howler monkey (D:7)
  A crimson imp (D:5)
  3 hounds
  2 jellies
  9 orc wizards
  A bullfrog skeleton (D:4)
  A centaur skeleton (D:7)
  A centaur zombie (D:9)
  9 orc priests
  Crazy Yiuf (D:2)
  2 iguanas
  6 worker ants
  A killer bee zombie (D:10)
  A hound zombie (D:7)
  2 hound skeletons (D:6)
  8 gnolls
  8 adders
  2 shadow imps
  An ooze (D:3)
  An adder zombie (D:6)
  2 adder skeletons (D:4)
  A worm (D:3)
  2 dart slugs
  7 leopard geckos
  41 orcs
  3 ball pythons
  6 giant cockroaches
  5 goblins
  9 hobgoblins
  14 jackals
  12 kobolds
  2 quokkas (D:5)
  12 bats
  10 frilled lizards
  2 jackal skeletons
  A quokka skeleton (D:5)
  10 rats
245 creatures vanquished.

Vanquished Creatures (others)
  6 plants (D:8)
6 creatures vanquished.

Grand Total: 251 creatures vanquished

Notes
Turn   | Place    | Note
-------+----------+-------------------------------------------
     0 | D:1      | Freyura the Vine Stalker Fighter began the quest for the
                  | Orb.
     0 | D:1      | Reached XP level 1. HP: 11/11 MP: 2/2
   234 | D:1      | Reached XP level 2. HP: 16/16 MP: 3/3
   239 | D:1      | Reached skill level 2 in Maces & Flails
   705 | D:1      | Reached XP level 3. HP: 19/19 MP: 4/4
  1144 | D:2      | Reached skill level 1 in Dodging
  1144 | D:2      | Gained mutation: Your natural rate of healing is unusually
                  | fast. [Vine Stalker growth]
  1144 | D:2      | Reached XP level 4. HP: 7/24 MP: 3/5
  1192 | D:2      | Found a runed door.
  1305 | D:2      | Reached skill level 3 in Maces & Flails
  1305 | D:2      | Reached XP level 5. HP: 21/28 MP: 4/6
  1363 | D:2      | Found a sacrificial altar of Ru.
  1468 | D:2      | HP: 1/28 [orc priest/divine providence (13)]
  1475 | D:2      | Reached XP level 6. HP: 2/32 MP: 0/7
  1831 | D:2      | Noticed Crazy Yiuf
  1838 | D:2      | Killed Crazy Yiuf
  2547 | D:3      | Found a glowing golden altar of the Shining One.
  2554 | D:3      | Became a worshipper of the Shining One
  2778 | D:4      | Reached skill level 4 in Maces & Flails
  2781 | D:4      | Reached * piety under the Shining One
  2781 | D:4      | Reached XP level 7. HP: 16/37 MP: 5/8
  2871 | D:4      | Reached skill level 1 in Invocations
  3002 | D:4      | You fall through a shaft for 3 floors!
  3050 | D:5      | Entered Level 5 of the Dungeon
  3438 | D:5      | Found an ancient bone altar of Kikubaaqudgha.
  3441 | D:5      | Gained mutation: You have razor-sharp teeth. [Vine Stalker
                  | growth]
  3441 | D:5      | Reached XP level 8. HP: 35/42 MP: 10/10
  3444 | D:5      | Found a sparkling altar of Nemelex Xobeh.
  3445 | D:5      | Found an ornate altar of the Wu Jian Council.
  3447 | D:5      | Found a shadowy altar of Dithmenos.
  3474 | D:5      | Found a hide-covered altar of Uskayaw.
  4500 | D:6      | Reached skill level 5 in Maces & Flails
  4520 | D:6      | Found a radiant altar of Vehumet.
  4827 | D:6      | Found a shattered altar of Ashenzari.
  5244 | D:7      | Reached XP level 9. HP: 43/46 MP: 10/12
  5315 | D:7      | Found a staircase to the Ecumenical Temple.
  5334 | D:7      | Reached skill level 6 in Maces & Flails
  5339 | D:7      | Found a transporter.
  5426 | D:7      | Found a transporter.
  5622 | D:7      | Reached ** piety under the Shining One
  5632 | D:7      | Reached skill level 5 in Fighting
  5882 | D:7      | You fall through a shaft for 2 floors!
  5883 | D:9      | Noticed a two-headed ogre
  5906 | D:9      | Killed a two-headed ogre
  5906 | D:9      | Reached skill level 5 in Shields
  5944 | D:9      | Reached skill level 7 in Maces & Flails
  5944 | D:9      | Reached skill level 5 in Armour
  5944 | D:9      | Reached XP level 10. HP: 10/52 MP: 6/14
  6020 | D:9      | Noticed a two-headed ogre
  6030 | D:9      | Killed a two-headed ogre
  6400 | D:8      | Got a crude chain mail
  6411 | D:8      | Identified the +7 chain mail of Ihysorph {rC+ Stlth+} (You
                  | found it on level 8 of the Dungeon)
  6455 | D:8      | Noticed Grum
  6464 | D:8      | Reached skill level 5 in Invocations
  6482 | D:8      | Killed Grum
  6534 | D:8      | Noticed Harold
  6562 | D:8      | Killed Harold
  6562 | D:8      | Reached skill level 8 in Maces & Flails
  6587 | D:8      | Found Pone's General Store.
  6590 | D:8      | Bought an uncursed ring of protection from magic for 275
                  | gold pieces
  6678 | D:8      | Noticed Valentain's ghost (novice OpVM)
  6679 | D:8      | Found a runed door.
  7151 | D:9      | Found a staircase to the Orcish Mines.
  7162 | D:9      | Reached *** piety under the Shining One
  7195 | D:9      | Reached skill level 5 in Dodging
  7202 | D:9      | Reached XP level 11. HP: 53/58 MP: 16/16
  7561 | D:10     | Entered Level 10 of the Dungeon
  7662 | D:10     | Noticed Snorg
  7677 | D:10     | Slain by Snorg

Skill      XL: |  1  2  3  4  5  6  7  8  9 10 |
---------------+-------------------------------+-----
Maces & Flails | 2 3 4 5 7 8 |  8.6
Shields        | 3 4 5 6 |  6.4
Fighting       | 3 4 5 6 |  6.6
Dodging        | 1 2 3 4 5 |  5.1
Armour         | 3 4 5 |  5.9
Invocations    | 1 3 4 5 |  5.8

Action                   |  1- 3 |  4- 6 |  7- 9 | 10-12 || total
-------------------------+-------+-------+-------+-------++-------
Melee: Flail             |   109 |   207 |   288 |   263 ||   867
       Bite              |    25 |    53 |   118 |    96 ||   292
  Use: Scroll            |     3 |     5 |     7 |     2 ||    17
       Potion            |       |     1 |     3 |       ||     4
  Eat: Ration            |     2 |       |     4 |     4 ||    10
Armor: Scale mail        |     7 |       |       |       ||     7
       Swamp dragon scal |    36 |    86 |    91 |    23 ||   236
       Chain mail        |       |       |       |    83 ||    83
Dodge: Dodged            |    57 |    80 |   111 |    78 ||   326
       Deflected         |       |       |     5 |     1 ||     6
Block: Shield            |    55 |   105 |   161 |   133 ||   454
